 Dungeon Crawl Stone Soup version 0.20.0-7-g3b7b877 (webtiles) character file.

158 Rrauwl the Poker (level 5, -2/38 HPs)
             Began as a Merfolk Warper on May 29, 2017.
             Slain by an orc
             ... wielding a +0 hand axe
              (5 damage)
             ... on level 3 of the Dungeon.
             The game lasted 00:07:26 (2355 turns).

Rrauwl the Poker (Merfolk Warper)                   Turns: 2355, Time: 00:07:27

Health: -2/38      AC:  5    Str: 13    XL:     5   Next: 39%
Magic:  8/8        EV: 13    Int: 12    God:
Gold:   93         SH:  4    Dex: 13    Spells: 6/8 levels left

rFire    . . .     SeeInvis .   a - +0 spear
rCold    . . .     Gourm    .   m - +0 buckler
rNeg     . . .     Faith    .   b - +1 leather armour
rPois    .         Spirit   .   (no helmet)
rElec    .         Reflect  .   (no cloak)
rCorr    .         Harm     .   (no gloves)
MR       .....                  r - +0 pair of boots
Stlth    +.........             (no amulet)
Regen    0.2/turn               (no ring)
MPRegen  0.2/turn               (no ring)

@: no status effects
A: change form in water, swift swim, stealthy swim
a: no special abilities


You were on level 3 of the Dungeon.
You were not hungry.

You visited 1 branch of the dungeon, and saw 3 of its levels.

You collected 93 gold pieces.

Inventory:

Hand Weapons
 a - a +0 spear (weapon)
Missiles
 e - a tomahawk of dispersal (quivered)
 j - 3 javelins
 s - 5 tomahawks of returning
Armour
 b - a +1 leather armour (worn)
 m - a +0 buckler (worn)
 r - a +0 pair of boots (worn)
Scrolls
 d - 4 scrolls of blinking
 g - 2 scrolls of teleportation
 h - 3 scrolls of amnesia
 k - 2 scrolls of enchant armour
 q - a scroll of identify
Potions
 i - a potion of might
 n - a potion of resistance
Books
 c - a book of Spatial Translocations

   Spells                             Type                      Level
   a - Blink                          Translocation                2
   b - Shroud of Golubria             Charms/Translocation         2
   c - Lesser Beckoning               Translocation                3
   d - Gell's Gravitas                Translocation                3
   e - Teleport Other                 Translocation                3
   f - Passage of Golubria            Translocation                4
Comestibles
 f - 2 bread rations
 l - a meat ration
 o - a royal jelly
 p - 4 chunks of flesh


   Skills:
 - Level 2.1 Fighting
 + Level 5.7 Polearms
 - Level 1.0 Throwing
 - Level 1.0 Armour
 + Level 5.0 Dodging
 - Level 1.0 Shields
 - Level 2.0 Spellcasting
 - Level 2.4 Translocations


You had 6 spell levels left.
You knew the following spells:

 Your Spells              Type           Power        Failure   Level  Hunger
a - Blink                 Tloc           N/A          28%         2    ###....


Dungeon Overview and Level Annotations

Branches:
Dungeon (3/15)

Altars:
Kikubaaqudgha
Zin


Message History

The orc is lightly wounded.
The orc misses you.
The orc throws a silver tomahawk.
You block the silver tomahawk.
Things that are here:
a silver tomahawk; a hand axe; a leather armour Throwing (i - inventory. (,) - cycle):
e - 3 tomahawks of dispersal (quivered)
Press: ? - help, Shift-Dir - straight line, f - orc
Aim: an orc You throw a tomahawk of dispersal.
The tomahawk of dispersal hits the orc.
The orc blinks!
The orc is severely wounded.
The orc throws a silver tomahawk.
The silver tomahawk closely misses you.
Throwing (i - inventory. (,) - cycle):
e - 2 tomahawks of dispersal (quivered)
Press: ? - help, Shift-Dir - straight line, f/p - orc
Aim: an orc (severely wounded)
You throw a tomahawk of dispersal. The tomahawk of dispersal hits the orc.
The orc blinks!
You kill the orc!
The orc hits you with a hand axe.
You die...

##.## #.
##...## #.
######.###.#
#. #..)...#
#.# #.
#.####.###.#
#. #.# ##...##
#. #.# ###.#
#.###.#### #.#
#().@.§..# #.#
#####o##.# )#.
######o# # # #
#......#
#.####r##.##.
#..........
#.!.≈≈...⌠...#
#.!≈≈≈≈....#..
#..≈≈≈≈...##


You could see 2 orcs and a quokka.

Vanquished Creatures
  Natasha (D:3)
  Terence (D:3)
  4 adders (D:2)
  2 worms (D:2)
  A dart slug (D:1)
  2 leopard geckos
  3 orcs (D:3)
  A giant cockroach (D:2)
  8 goblins
  8 hobgoblins
  6 jackals
  4 bats (D:1)
  4 frilled lizards
  7 kobolds
  6 rats
58 creatures vanquished.

Notes
Turn   | Place    | Note
-------+----------+-------------------------------------------
     0 | D:1      | Rrauwl the Merfolk Warper began the quest for the Orb.
     0 | D:1      | Reached XP level 1. HP: 16/16 MP: 3/3
    65 | D:1      | Reached XP level 2. HP: 5/22 MP: 5/5
   332 | D:1      | Reached skill level 1 in Armour
   959 | D:1      | Learned a level 2 spell: Blink
   970 | D:1      | Reached XP level 3. HP: 27/27 MP: 6/6
  1621 | D:2      | Reached XP level 4. HP: 28/33 MP: 7/7
  1715 | D:2      | Reached skill level 5 in Polearms
  1977 | D:2      | Found a glowing silver altar of Zin.
  2279 | D:3      | Noticed Natasha
  2287 | D:3      | Killed Natasha
  2287 | D:3      | Reached skill level 1 in Shields
  2287 | D:3      | Reached XP level 5. HP: 27/38 MP: 8/8
  2322 | D:3      | Found an ancient bone altar of Kikubaaqudgha.
  2322 | D:3      | Noticed Terence
  2350 | D:3      | Killed Terence
  2350 | D:3      | Reached skill level 5 in Dodging
  2355 | D:3      | Slain by an orc

Skill      XL: |  1  2  3  4  5 |
---------------+----------------+-----
Dodging        | 3 4 5 |  5.0
Armour         | 1 |  1.0
Polearms       | 4 5 |  5.7
Shields        | 1 |  1.0
Fighting       | |  2.1
Throwing       | |  1.0
Spellcasting   | |  2.0
Translocations | |  2.4

Action                   |  1- 3 |  4- 6 || total
-------------------------+-------+-------++-------
Melee: Spear             |   151 |   126 ||   277
Throw: Tomahawk          |     2 |     2 ||     4
  Use: Scroll            |     5 |     1 ||     6
       Potion            |     3 |     2 ||     5
 Stab: Sleeping          |     1 |       ||     1
  Eat: Chunk             |     2 |     3 ||     5
Armor: Leather armour    |    28 |    15 ||    43
Dodge: Dodged            |    72 |    50 ||   122
Block: Buckler           |     4 |    12 ||    16
